 Dungeon Crawl Stone Soup version 0.28.0-53-g5a82cb258f (webtiles) character file.

Game seed: 5093610737770861351

23430 cbfl8 the Cleaver (level 12, -2/117 HPs)
             Began as a Minotaur Berserker on July 22, 2022.
             Was a Priest of Trog.
             Slain by a frost giant
             ... wielding a +0 battleaxe of freezing
              (18 damage)
             ... on level 12 of the Dungeon.
             The game lasted 00:25:16 (16172 turns).

cbfl8 the Cleaver (Minotaur Berserker)             Turns: 16172, Time: 00:25:17

Health: -2/117     AC: 20    Str: 23    XL:     12   Next: 71%
Magic:  11/11      EV:  9    Int:  4    God:    Trog [***...]
Gold:   538        SH:  0    Dex: 14    Spells: 11/11 levels left

rFire   . . .      SeeInvis .   F - +0 war axe (venom)
rCold   . . .      Faith    .   G - orb {light}
rNeg    . . .      Spirit   .   o - +0 plate armour
rPois   .          Reflect  .   (helmet restricted)
rElec   .          Harm     .   r - +0 cloak
rCorr   +          Rampage  .   m - +0 pair of gloves
Will    +++..                   y - +0 pair of boots
Stlth   ..........              (no amulet)
HPRegen 1.29/turn               p - ring of willpower
MPRegen 0.12/turn               D - ring of resist corrosion

@: strong-willed, on berserk cooldown, regenerating, slowed, glowing, very slow
A: horns 2, retaliatory headbutt
a: Renounce Religion, Berserk, Trog's Hand


You were on level 12 of the Dungeon.
You worshipped Trog.
Trog was most pleased with you.
You visited 1 branch of the dungeon, and saw 12 of its levels.

You collected 538 gold pieces.

Inventory:

Hand Weapons
 e - a +0 battleaxe
 i - the +1 hunting sling of Butchery {speed, Drain Str+9 Int+3 Stlth+}
   (You found it on level 2 of the Dungeon)

   Attacks with this weapon are significantly faster.
   Str:       It affects your strength (+9).
   Int:       It affects your intelligence (+3).
   Drain:     It drains your maximum health when unequipped.
   Stlth:     It makes you more stealthy.
 n - a +5 trident
 t - a +1 spectral hand axe
 F - a +0 war axe of venom (weapon)
Missiles
 k - 329 stones
Armour
 m - a +0 pair of gloves (worn)
 o - a +0 plate armour (worn)
 r - a +0 cloak (worn)
 y - a +0 pair of boots (worn)
 A - a +2 pair of gloves
 G - an orb of light (worn)
Jewellery
 p - a ring of willpower (left hand)
 D - a ring of resist corrosion (right hand)
 I - a ring of magical power
 K - a +6 ring of intelligence
Wands
 b - a wand of acid (5)
 v - a wand of polymorph (17)
 B - a wand of flame (23) (quivered)
 L - a wand of iceblast (12)
 O - a wand of digging (14)
Scrolls
 a - a scroll of silence {unknown}
 d - a scroll of acquirement {unknown}
 f - a scroll of identify
 w - a scroll of brand weapon
 z - 3 scrolls of teleportation
 H - 3 scrolls of magic mapping
 J - a scroll of summoning
 M - a scroll of blinking
Potions
 c - a potion of mutation {unknown}
 g - a potion of cancellation {unknown}
 h - 2 potions of attraction
 j - a potion of degeneration {unknown}
 l - a potion of invisibility {unknown}
 q - a potion of berserk rage {unknown}
 s - 2 potions of curing
 u - 3 potions of flight
 x - 2 potions of lignification
 C - a potion of ambrosia {unknown}


   Skills:
 * Level 14.1 Fighting
 + Level 14.7 Axes
 + Level 12.3 Armour
 + Level 4.0 Dodging
 + Level 2.0 Stealth
 * Level 7.8 Evocations


You had 11 spell levels left.
You didn't know any spells.
Your spell library was empty.

Dungeon Overview and Level Annotations

Branches:
Dungeon (12/15)            Temple (0/1) D:7            Lair (0/6) D:9
    Orc (0/2) D:12

Altars:
Ashenzari
Cheibriados
Fedhas
Kikubaaqudgha
Makhleb
Qazlal
Ru
Sif Muna
Trog
Uskayaw
Xom
Zin
The Shining One

Shops:
D:3 :   D:8 !

Annotations:
D:10 1 runed translucent door


Innate Abilities, Weirdness & Mutations

You have a pair of horns on your head.
You reflexively headbutt those who attack you in melee.


Message History

You feel a strong urge to attack something.
The centaur warrior shoots an arrow.
The arrow hits you but does no damage.
You feel your anger nearly subside.
You are no longer berserk.
You are exhausted.
You feel yourself slow down.
The centaur warrior unwields a +0 longbow.
The centaur warrior hits you but does no damage.
The centaur warrior kicks you.
You slash the centaur warrior!
The centaur warrior looks as sick as possible!
You headbutt the centaur warrior, but do no damage.
The centaur warrior is lightly wounded.
The centaur warrior hits you.
The centaur warrior kicks you but does no damage.
The centaur warrior hits you.
The centaur warrior kicks you but does no damage.
You slash the centaur warrior!
The centaur warrior is moderately wounded.
A frost giant comes into view.
It is wielding a +0 battleaxe of freezing.
The centaur warrior hits you.
The centaur warrior kicks you but does no damage.
The frost giant shouts!
Unknown command.
You slash the frost giant!
The frost giant is poisoned.
The frost giant is lightly wounded.
Unknown command.
You hit the frost giant but do no damage.
You headbutt the frost giant, but do no damage.
The frost giant is lightly wounded.
The frost giant casts a spell at you. The bolt of cold hits you!!!
Your skin crawls.
You feel strong-willed.
The frost giant hits you with a +0 battleaxe of freezing!!
* * * LOW HITPOINT WARNING * * *
The frost giant freezes you.
* * * LOW HITPOINT WARNING * * *
You feel better.
The frost giant hits you with a +0 battleaxe of freezing!!
You die...

..###.# ### ......# #..
..###.####### #.########
)##.........# #........####
)#.§§.......# #.)..........
.#.§≈.......# #.##########.
...§..####### ##....).# #.
..##### ######.#######.# #. .##
#...@Cc##.[)...# #.
.############.#######.##########.
............#..[...........#.....
............################...[)
.................................
##############..##############...
#..# #... #..# #... #.)# #...


You could see a frost giant (poisoned) and a centaur warrior (very poisoned).

Vanquished Creatures
  2 hydras (D:11)
  7 two-headed ogres
  2 death knights
  A skeletal warrior (D:11)
  Pikel (D:8)
  A wizard (D:12)
  An orc knight (D:12)
  An ugly thing (D:11)
  3 manticores (D:12)
  2 deep elf pyromancers (D:12)
  A cyclops (D:12)
  3 gargoyles (D:12)
  A yaktaur (D:12)
  Maggie (D:8)
  2 freezing wraiths (D:11)
  2 unseen horrors (D:11)
  2 komodo dragons
  A troll (D:10)
  Prince Ribbit (D:9)
  4 red devils (D:12)
  Sigmund (D:5)
  2 shadows
  A vampire (D:10)
  2 wraiths
  A basilisk (D:11)
  14 yaks
  2 acid dragons (D:11)
  2 water moccasins
  A black bear (D:5)
  An orc warrior (D:9)
  3 sky beasts
  2 ice beasts
  4 ogres
  4 centaurs
  A kobold brigand (D:10)
  3 bullfrogs
  10 scorpions
  A gnoll sergeant (D:9)
  A wyvern zombie (D:9)
  A water moccasin zombie (D:5)
  2 water moccasin skeletons
  9 killer bees (D:7)
  4 wights (D:5)
  6 howler monkeys
  A crimson imp (D:10)
  3 centaur zombies
  A bullfrog zombie (D:6)
  6 orc priests
  2 jellies (D:5)
  2 centaur skeletons
  A bullfrog skeleton (D:5)
  A gnoll shaman (D:6)
  3 hounds
  7 orc wizards
  2 iguanas
  A scorpion zombie (D:5)
  A killer bee zombie (D:6)
  A hound zombie (D:5)
  2 howler monkey zombies
  10 adders
  12 gnolls
  A howler monkey skeleton (D:4)
  A white imp (D:7)
  2 ufetubi
  2 adder skeletons (D:4)
  3 worms
  A dart slug (D:4)
  30 orcs
  9 ball pythons
  14 bats
  8 endoplasms
  5 giant cockroaches
  7 goblins
  9 hobgoblins
  5 jackals
  6 quokkas
  A frilled lizard (D:3)
  11 kobolds
  5 rats
293 creatures vanquished.

Vanquished Creatures (others)
  5 fungi (D:6)
  22 plants (D:9)
27 creatures vanquished.

Grand Total: 320 creatures vanquished

Notes
Turn   | Place    | Note
-------+----------+-------------------------------------------
     0 | D:1      | cbfl8 the Minotaur Berserker began the quest for the Orb.
     0 | D:1      | Reached XP level 1. HP: 19/19 MP: 0/0
   189 | D:1      | Found a faded altar of an unknown god.
   222 | D:1      | Reached XP level 2. HP: 16/27 MP: 1/1
  1173 | D:2      | Reached XP level 3. HP: 21/34 MP: 2/2
  1302 | D:2      | Identified the +1 hunting sling of Butchery {speed, Drain
                  | Str+9 Int+3 Stlth+}
  1354 | D:2      | Reached XP level 4. HP: 41/41 MP: 3/3
  1478 | D:2      | Reached skill level 5 in Fighting
  1480 | D:2      | Reached ** piety under Trog
  1792 | D:2      | Reached skill level 1 in Stealth
  1792 | D:2      | Reached XP level 5. HP: 48/48 MP: 4/4
  2248 | D:3      | Found a shimmering blue altar of Sif Muna.
  2320 | D:3      | Reached skill level 5 in Axes
  2610 | D:3      | Found Laul Kyo's Book Shoppe.
  2859 | D:4      | Reached XP level 6. HP: 57/57 MP: 5/5
  2918 | D:4      | Found a blossoming altar of Fedhas.
  2974 | D:4      | Found a glowing silver altar of Zin.
  3084 | D:4      | Reached skill level 1 in Evocations
  3155 | D:4      | Noticed an ice beast
  3166 | D:4      | Killed an ice beast
  3209 | D:4      | Reached *** piety under Trog
  3349 | D:5      | Entered Level 5 of the Dungeon
  3398 | D:5      | Reached XP level 7. HP: 63/63 MP: 6/6
  3607 | D:5      | Reached XP level 8. HP: 66/73 MP: 7/7
  3832 | D:5      | Noticed Sigmund
  3843 | D:5      | Killed Sigmund
  4064 | D:5      | Found a large runed translucent door.
  4064 | D:5      | Found a large runed translucent door.
  4426 | D:5      | Reached skill level 10 in Axes
  4429 | D:5      | Reached skill level 5 in Armour
  4436 | D:5      | Found a stormy altar of Qazlal.
  4443 | D:5      | Found a bloodstained altar of Trog.
  4562 | D:5      | Reached XP level 9. HP: 81/81 MP: 8/8
  4583 | D:6      | Found an ancient bone altar of Kikubaaqudgha.
  4625 | D:6      | Found a broken altar of Ashenzari.
  5317 | D:6      | Reached **** piety under Trog
  5608 | D:6      | Found a glowing golden altar of the Shining One.
  5969 | D:7      | Found a sacrificial altar of Ru.
  6378 | D:7      | Found a hide-covered altar of Uskayaw.
  6794 | D:7      | Found a staircase to the Ecumenical Temple.
  7404 | D:8      | Reached XP level 10. HP: 86/91 MP: 9/9
  7466 | D:8      | Noticed Maggie
  7488 | D:8      | Killed Maggie
  7507 | D:8      | Found Niativemy's Distillery.
  7618 | D:8      | Noticed a two-headed ogre
  7622 | D:8      | Killed a two-headed ogre
  7995 | D:8      | Noticed Pikel
  8007 | D:8      | Killed Pikel
  8008 | D:8      | Reached skill level 10 in Fighting
  8562 | D:9      | Reached skill level 5 in Evocations
  9091 | D:9      | Found a staircase to the Lair.
  9561 | D:9      | Noticed Prince Ribbit
  9575 | D:9      | Killed Prince Ribbit
 10013 | D:10     | Entered Level 10 of the Dungeon
 10030 | D:10     | Found a runed translucent door.
 10031 | D:10     | Noticed a sixfirhy
 10367 | D:10     | Reached XP level 11. HP: 78/102 MP: 10/10
 10592 | D:10     | Identified the +1 robe "Galurph" {Harm Int+3}
 10650 | D:10     | Found a snail-covered altar of Cheibriados.
 10921 | D:10     | Found a burning altar of Makhleb.
 10921 | D:10     | Found a shimmering altar of Xom.
 10927 | D:10     | Reached ***** piety under Trog
 11300 | D:11     | Noticed a two-headed ogre
 11316 | D:11     | Killed a two-headed ogre
 11432 | D:11     | Noticed a two-headed ogre
 11438 | D:11     | Killed a two-headed ogre
 11663 | D:11     | Noticed a two-headed ogre
 11677 | D:11     | Killed a two-headed ogre
 11678 | D:11     | Reached skill level 10 in Armour
 11685 | D:11     | Noticed a four-headed hydra
 11870 | D:11     | Killed an 11-headed hydra
 11892 | D:11     | Noticed a green ugly thing
 11930 | D:11     | Noticed a two-headed ogre
 11937 | D:11     | Killed a two-headed ogre
 11979 | D:11     | Noticed a sea snake
 12040 | D:11     | Noticed a two-headed ogre
 12045 | D:11     | Killed a two-headed ogre
 12156 | D:11     | Killed a green ugly thing
 13687 | D:12     | Noticed a deep elf pyromancer
 13692 | D:12     | Killed a deep elf pyromancer
 13693 | D:12     | Reached XP level 12. HP: 113/113 MP: 11/11
 13787 | D:12     | Found a staircase to the Orcish Mines.
 14234 | D:12     | Noticed a two-headed ogre
 14242 | D:12     | Killed a two-headed ogre
 14333 | D:12     | Noticed a death knight
 14340 | D:12     | Noticed a seven-headed hydra
 14350 | D:11     | Killed a death knight
 14602 | D:11     | Killed an 11-headed hydra
 15873 | D:12     | Noticed a death knight
 15887 | D:12     | Killed a death knight
 16161 | D:12     | Noticed a centaur warrior
 16168 | D:12     | Noticed a frost giant
 16172 | D:12     | Slain by a frost giant

Illustrated notes

Levels and vault maps discovered:
D:1:      psy_arrival_terrarium, layout_loops_cross,
          ebering_ecumenical_altar_box
D:2:      layout_loops_ring, chequers_serial_rivers_micro_d,
          minmay_misc_feat_roman, grunt_ministairs_12, dk_noncrumbling_3,
          minmay_misc_feat_rows, nicolae_elevator_lobby_plus
D:3:      layout_rooms, marbit_many_paths, serial_shops, shop
D:4:      minmay_angry_zag, layout_rooms, mainiacjoe_overflow_surrounded_room,
          kennysheep_mini_moat
D:5:      minmay_recursive_quarters, layout_basic, jmf_multi_god_temple2,
          minmay_fractal_squares_gapless_5, uniq_sigmund
D:6:      old_forge, layout_loops_ring, tso_altar, ashenzari_altar_1,
          nicolae_kikubaaqudgha_miasma_corner
D:7:      layout_gridville, nicolae_uskayaw_suspiria,
          nicolae_ru_the_path_less_chosen, minmay_temple_entry_drinking_statues,
          chequers_serial_rivers_room_b
D:8:      layout_basic, serial_shops, nicolae_shop_waterfront,
          minmay_misc_feat_plants, uniq_maggie, uniq_pikel
D:9:      layout_roguey, david_lair_shrubbed, uniq_prince_ribbit1
D:10:     cheibrodos_shockbox, layout_stronghold,
          grunt_temple_overflow_champion_of_chaos,
          nicolae_overflow_crystal_walls
D:11:     layout_loops_ring, serial_aquarium, aquarium_bridge_long_separate
          [aquarium_subvault_window, aquarium_subvault_window,
          aquarium_subvault_bridge, aquarium_subvault_balcony,
          aquarium_subvault_wall, aquarium_subvault_bridge],
          aquarium_window_corner, aquarium_window_fake, aquarium_window_3,
          aquarium_view_2d, aquarium_view_2b
D:12:     minmay_two_paths, layout_long_grid, orc_0_dummy,
          einodemon_armed_red_devil_minivault

Skill      XL: |  1  2  3  4  5  6  7  8  9 10 11 12 |
---------------+-------------------------------------+-----
Axes           | 4 5 6 8 10 11 12 13 14 | 14.7
Fighting       | 4 5 6 7 8 9 11 12 14 | 14.1
Stealth        | 1 2 |  2.0
Dodging        | 3 4 |  4.0
Armour         | 3 4 5 6 9 11 12 | 12.3
Evocations     | 1 2 3 4 5 6 7 |  7.8

Action                   |  1- 3 |  4- 6 |  7- 9 | 10-12 || total
-------------------------+-------+-------+-------+-------++-------
Melee: Hand axe          |    48 |   144 |   343 |   185 ||   720
       Headbutt          |     9 |    20 |    71 |   101 ||   201
       Punch             |       |     1 |     6 |       ||     7
       War axe           |       |       |       |   169 ||   169
Invok: Berserk           |     2 |     3 |     3 |    20 ||    28
       Trog's Hand       |       |       |     2 |     6 ||     8
       Brothers in Arms  |       |       |       |     1 ||     1
Evoke: Wand              |       |       |       |     5 ||     5
  Use: Scroll            |       |       |       |    19 ||    19
       Potion            |       |       |       |     7 ||     7
 Stab: Sleeping          |     2 |       |       |       ||     2
Armor: Animal skin       |    14 |     1 |       |       ||    15
       Plate armour      |       |    80 |   220 |   260 ||   560
       Skin              |       |       |       |     4 ||     4
Dodge: Dodged            |    35 |    57 |   114 |   149 ||   355
